AoeStats
← FLOflo

Lombardia

507945879Analyzed
2v2 RM · 10d ago on Sep 20, 2026· 37m 2s· 4 players
Game mode
Random Map
Map size
Medium (4 player)
Population
200
Speed
Normal
Resources
Standard
Victory
Conquest
Starting age
Dark Age
Ending age
Imperial Age
RankedLock teamsTeams togetherTeam positionsShared explorationLock speedFull tech treeHidden civsTurbo modeCheats
Victory
Defeat
🇩🇪 Cumans · Germany
984
+15
🇩🇪 Franks · Germany
968
+16
🇨🇳 Franks · China
966
-16
🇨🇳 Lithuanians · China
954
-15
Ming
0:28 Loom
10:57 Feudal Age
14:25 Double-Bit Axe
19:18 Castle Age
17:18 Horse Collar
20:24 Stone Mining
24:34 Bloodlines
28:02 Husbandry
32:08 Imperial Age
31:18 Scale Barding Armor
33:20 Forging
34:16 Chain Barding Armor
35:34 Iron Casting
35:49 Plate Barding Armor
35:44 Fletching
彬彬有礼
0:34 Loom
13:23 Feudal Age
18:54 Castle Age
18:36 Double-Bit Axe
FLOflo
10:49 Feudal Age
9:05 Loom
13:25 Double-Bit Axe
18:57 Castle Age
18:10 Scale Barding Armor
19:43 Bloodlines
20:14 Bow Saw
21:20 Forging
21:22 Gold Mining
21:25 Horse Collar
28:47 Gold Shaft Mining
28:06 Fletching
29:18 Chain Barding Armor
31:07 Iron Casting
35:50 Wheelbarrow
38:11 Imperial Age
ueki_ya
8:37 Loom
10:47 Feudal Age
14:32 Forging
16:06 Scale Barding Armor
16:37 Double-Bit Axe
21:31 Castle Age
19:40 Gold Mining
20:19 Stone Mining
22:38 Bow Saw
23:49 Iron Casting
23:57 Chain Barding Armor
25:01 Husbandry
26:12 Gold Shaft Mining
34:26 Imperial Age
32:52 Wheelbarrow
34:28 Cavalier
35:49 Conscription
36:32 Blast Furnace
37:08 Plate Barding Armor
Connection lost

Rejoining the realm…

Still unreachable

The connection could not be restored.

Session expired

The server has moved on; the page needs a fresh start.